 Dungeon Crawl Stone Soup version 0.25.0-10-g039870ee82 (webtiles) character file.

Game seed: 13803152213239399650

15112 Apogee the Basher (level 12, -7/70 HPs)
             Began as a Gargoyle Gladiator on June 22, 2020.
             Was a High Priest of Okawaru.
             Mangled by a white ugly thing (10 damage)
             ... in an ice cave.
             The game lasted 00:28:30 (13034 turns).

Apogee the Basher (Gargoyle Gladiator)             Turns: 13034, Time: 00:28:30

Health: -7/70      AC: 24    Str: 23    XL:     12   Next: 23%
Magic:  15/15      EV:  7    Int:  9    God:    Okawaru [*****.]
Gold:   478        SH: 11    Dex: 11    Spells: 11/11 levels left

rFire    . . .     SeeInvis .   l - +3 mace (distort)
rCold    + . .     Gourm    .   M - +0 buckler
rNeg     + . .     Faith    .   o - +0 plate armour of the Blue Skies {rElec}
rPois    ∞         Spirit   .   x - +2 helmet
rElec    +         Reflect  +   (no cloak)
rCorr    .         Harm     .   (no gloves)
MR       .....                  (no boots)
Stlth    ..........             v - amulet of reflection
HPRegen  0.21/turn              S - ring of protection from cold
MPRegen  0.14/turn              O - +4 ring of slaying

@: hasted, very quick
A: negative energy resistance 1, electricity resistance, unbreathing,
petrification resistance, rot immunity, AC +8
a: Heroism, Finesse, Renounce Religion


You were in an ice cave.
You worshipped Okawaru.
Okawaru was extremely pleased with you.
You were not hungry.

You visited 3 branches of the dungeon, and saw 14 of its levels.
You also visited: Ice Cave.

You collected 478 gold pieces.

Inventory:

Hand Weapons
 a - a +4 whip of holy wrath
 b - a +0 hunting sling
 j - the cursed +2 flail of Joen {vorpal, SInv}
   (You found it on level 2 of the Lair of Beasts)

   It inflicts extra damage upon your enemies.
   It lets you see invisible.
   It has a curse placed upon it.
 l - a +3 mace of distortion (weapon)
 I - a +3 dire flail
Missiles
 d - 3 throwing nets (quivered)
 h - 392 stones
 y - 47 sling bullets
Armour
 n - the +0 buckler of Past Mistakes {Harm rElec Str-3 Int+4}
   (Okawaru gifted it to you on level 2 of the Lair of Beasts)

   It affects your strength (-3).
   It affects your intelligence (+4).
   It insulates you from electricity.
   It increases damage dealt and taken.
 o - the +0 plate armour of the Blue Skies (worn) {rElec}
   (You found it on level 5 of the Dungeon)

   It insulates you from electricity.
 x - a +2 helmet (worn)
 M - a +0 buckler (worn)
 P - a +0 kite shield
Jewellery
 p - a cursed amulet of inaccuracy
 r - a +4 ring of evasion
 v - an amulet of reflection (around neck)
 B - a +4 ring of evasion
 O - a +4 ring of slaying (right hand)
 S - a ring of protection from cold (left hand)
Wands
 G - a wand of digging (5)
 Q - a wand of paralysis (6)
Scrolls
 c - 3 scrolls of enchant armour
 i - 2 scrolls of identify
 m - a scroll of fear {unknown}
 t - 6 scrolls of enchant weapon
 u - 4 scrolls of teleportation
 J - 3 scrolls of amnesia
 K - 6 scrolls of remove curse
 N - 3 scrolls of fog
Potions
 e - a potion of haste
 g - a potion of berserk rage {unknown}
 k - a potion of invisibility
 q - 2 potions of might
 s - 6 potions of heal wounds
 A - 4 potions of brilliance {unknown}
 C - 5 potions of curing
 E - 3 potions of flight
 L - 2 potions of mutation {unknown}
 R - a potion of stabbing {unknown}
Comestibles
 f - 21 rations


   Skills:
 - Level 6.0 Fighting
 - Level 14.0 Maces & Flails
 - Level 5.8(6.0) Slings
 - Level 1.7(4.1) Throwing
 - Level 6.0 Armour
 - Level 2.4 Dodging
 + Level 9.1 Shields
 - Level 4.0 Invocations


You had 11 spell levels left.
You didn't know any spells.
Your spell library contained the following spells:

 Spells                   Type           Power        Failure   Level  Hunger
 Infusion                 Chrm           #...         100%        1    ##.....
 Shroud of Golubria       Chrm/Tloc      #.....       100%        2    ###....
 Song of Slaying          Chrm           #.......     100%        2    ###....
 Confusing Touch          Hex            #.......     100%        3    ####...
 Gell's Gravitas          Tloc           #.........   100%        3    ####...
 Ozocubu's Armour         Chrm/Ice       #.......     100%        3    ####...
 Spectral Weapon          Hex/Chrm       #.......     100%        3    ####...
 Petrify                  Tmut/Erth      #.......     100%        4    #####..
 Metabolic Englaciation   Hex/Ice        #.........   100%        5    ######.
 Yara's Violent Unravell  Hex/Tmut       #.........   100%        5    ######.


Dungeon Overview and Level Annotations

Branches:
Dungeon (11/15)            Temple (1/1) D:5            Lair (2/6) D:9
  Swamp (0/4) Lair:2        IceCv (1/1)
  Snake: Lair:2-4    Spider: Lair:2-4       Orc: D:9-12

Altars:
Ashenzari
Dithmenos
Gozag
Hepliaklqana
Makhleb
Nemelex Xobeh
Okawaru
Ru
Sif Muna
Vehumet
Wu Jian
Xom
Yredelemnul
Zin
The Shining One

Shops:
D:4 %

Annotations:
D:4 3 runed translucent doors, ZZKoverts's ghost, amateur GrMo
Abyss:1 Gastronok IceCv 1 transporter, exclusion: ice statue


Innate Abilities, Weirdness & Mutations

You are resistant to torment.
Your stone body is resilient. (AC +8)
You are immune to poison.
You resist negative energy. (rN+)
You are resistant to electric shocks. (rElec)
You can survive without breathing.
You are immune to petrification.
You are immune to rotting.


Message History

You feel yourself speed up.
You are engulfed in freezing vapours.
You resist.
* * * LOW HITPOINT WARNING * * *
The white ugly thing is engulfed in freezing vapours.
You sock the ice statue!
The ice statue is heavily damaged.
You are engulfed in freezing vapours.
You resist.
You sock the ice statue!
Space warps horribly around the ice statue!!
The ice statue is almost destroyed.
You are engulfed in freezing vapours.
You resist.
The ice statue gestures.
You hit the ice statue.
You destroy the ice statue!
Okawaru accepts your kill.
The ice beast disappears in a puff of smoke!
Your Shields skill increases to level 9!
The white ugly thing trunk-slaps you.
* * * LOW HITPOINT WARNING * * *
The white ugly thing freezes you! You resist.
You die...

#####
####...###
##......°.##
##.....°....#
##......@....#
#......u.°.8.#
#.......§°°.%#
#.∩.©....Y.|©#
#.........$.(#
#.......8..8.#
##....Y......#
##..........#
##........##


You could see an ice statue, a white ugly thing and 2 ice beasts.

Vanquished Creatures
  Erica (D:9)
  A two-headed ogre (D:10)
  An ugly thing (IceCv)
  An ice statue (IceCv)
  4 spiny frogs (Lair:1)
  A komodo dragon (Lair:1)
  A hornet (D:9)
  3 hippogriffs
  A wyvern (D:10)
  A vampire (D:9)
  20 yaks
  Eustachio (D:5)
  A basilisk (Lair:1)
  A soldier ant (D:9)
  Duvessa (D:4)
  A water moccasin (D:7)
  2 porcupines (D:9)
  3 phantoms
  6 ice beasts
  A necrophage (D:7)
  2 sky beasts
  3 orc warriors (D:10)
  7 ogres
  5 black bears
  2 wolves (Lair:1)
  4 centaurs
  3 crocodiles
  A big kobold (D:10)
  A wyvern zombie (D:10)
  7 bullfrogs
  A gnoll sergeant (D:9)
  Dowan (D:4)
  A scorpion (D:6)
  5 wights (D:6)
  4 crimson imps
  2 quasits (D:8)
  5 hounds
  A jelly (D:7)
  A centaur skeleton (D:7)
  8 orc priests
  A bullfrog skeleton (D:5)
  7 orc wizards
  10 worker ants
  3 iguanas
  3 hound skeletons
  2 howler monkey zombies
  Robin (D:2)
  6 adders
  3 oozes
  An adder zombie (D:9)
  2 worms
  2 dart slugs
  5 leopard geckos
  26 orcs
  A ball python (D:1)
  2 bats (D:3)
  3 giant cockroaches
  31 goblins
  6 hobgoblins
  15 jackals
  4 quokkas
  7 frilled lizards
  11 kobolds
  A quokka skeleton (D:9)
  A quokka zombie (D:6)
  6 rats
276 creatures vanquished.

Vanquished Creatures (others)
  A water moccasin (Lair:1)
  An ice beast (IceCv)
  2 wolves (Lair:1)
  A bullfrog (Lair:1)
  4 fungi (D:9)
9 creatures vanquished.

Grand Total: 285 creatures vanquished

Notes
Turn   | Place    | Note
-------+----------+-------------------------------------------
     0 | D:1      | Apogee the Gargoyle Gladiator began the quest for the Orb.
     0 | D:1      | Reached XP level 1. HP: 12/12 MP: 1/1
    62 | D:1      | Reached XP level 2. HP: 16/17 MP: 2/2
   643 | D:1      | Reached skill level 4 in Maces & Flails
   643 | D:1      | Reached XP level 3. HP: 22/22 MP: 3/3
  1272 | D:2      | Found a sparkling altar of Nemelex Xobeh.
  1273 | D:2      | Found a shadowy altar of Dithmenos.
  1307 | D:2      | Found a basalt altar of Yredelemnul.
  1309 | D:2      | Found a hazy altar of Hepliaklqana.
  1312 | D:2      | Found a radiant altar of Vehumet.
  1314 | D:2      | Found an opulent altar of Gozag.
  1693 | D:2      | Reached XP level 4. HP: 22/27 MP: 4/4
  2056 | D:2      | Noticed Robin
  2068 | D:2      | Reached skill level 5 in Maces & Flails
  2091 | D:2      | Killed Robin
  2673 | D:3      | Reached XP level 5. HP: 30/31 MP: 5/5
  3465 | D:4      | Reached skill level 6 in Maces & Flails
  3472 | D:4      | Reached XP level 6. HP: 21/37 MP: 6/6
  3802 | D:4      | Noticed Duvessa
  3996 | D:4      | Noticed Dowan
  4125 | D:4      | Killed Duvessa
  4125 | D:4      | Reached skill level 7 in Maces & Flails
  4129 | D:4      | Killed Dowan
  4129 | D:4      | Reached XP level 7. HP: 35/41 MP: 7/7
  4341 | D:4      | Found a runed translucent gate.
  4342 | D:4      | Found a runed translucent gate.
  4342 | D:4      | Found an opulent altar of Gozag.
  4344 | D:4      | Found a runed translucent gate.
  4419 | D:4      | Noticed ZZKoverts's ghost (amateur GrMo)
  4441 | D:4      | Found Ceuclol's Food Shop.
  4486 | D:4      | Found a shimmering blue altar of Sif Muna.
  4687 | D:5      | Entered Level 5 of the Dungeon
  4692 | D:5      | Found a staircase to the Ecumenical Temple.
  5056 | Temple   | Entered the Ecumenical Temple
  5062 | Temple   | Became a worshipper of Warmaster Okawaru
  5146 | D:5      | Reached skill level 8 in Maces & Flails
  5154 | D:5      | Got a crude plate armour
  5155 | D:5      | Identified the +0 plate armour of the Blue Skies {rElec}
                  | (You found it on level 5 of the Dungeon)
  5341 | D:5      | Noticed Eustachio
  5370 | D:5      | Killed Eustachio
  5541 | D:5      | Got a faintly glowing dagger
  6146 | D:6      | Reached XP level 8. HP: 48/48 MP: 8/8
  6313 | D:6      | Reached skill level 9 in Maces & Flails
  6356 | D:6      | Reached * piety under Okawaru
  6792 | D:6      | Reached skill level 10 in Maces & Flails
  7066 | D:7      | Found a sparkling altar of Nemelex Xobeh.
  7143 | D:7      | Reached skill level 5 in Fighting
  7180 | D:7      | Reached XP level 9. HP: 46/55 MP: 9/9
  7208 | D:7      | Reached skill level 1 in Shields
  7461 | D:7      | Reached ** piety under Okawaru
  7564 | D:7      | Reached skill level 11 in Maces & Flails
  8089 | D:8      | Reached *** piety under Okawaru
  8263 | D:8      | Found a shattered altar of Ashenzari.
  8263 | D:8      | Found a glowing golden altar of the Shining One.
  8297 | D:8      | Found a glowing silver altar of Zin.
  8312 | D:8      | Found a shimmering altar of Xom.
  8312 | D:8      | Noticed an angel
  8346 | D:8      | You fall into a shaft and drop 2 floors!
  8346 | D:10     | Entered Level 10 of the Dungeon
  8361 | D:10     | Reached skill level 12 in Maces & Flails
  8361 | D:10     | Reached skill level 1 in Slings
  8397 | D:10     | Reached XP level 10. HP: 54/60 MP: 7/10
  8581 | D:10     | Reached **** piety under Okawaru
  8648 | D:10     | Reached skill level 5 in Slings
  8848 | D:10     | Received a gift from Okawaru
  9062 | D:10     | Noticed a two-headed ogre
  9102 | D:9      | Reached skill level 1 in Armour
  9209 | D:8      | Found an ornate altar of the Wu Jian Council.
  9621 | D:9      | Reached skill level 5 in Armour
  9826 | D:9      | Found a staircase to the Lair.
  9846 | D:9      | Reached skill level 1 in Invocations
  9913 | D:9      | Noticed Erica
  9946 | D:9      | Killed Erica
  9946 | D:9      | Received a gift from Okawaru
  9946 | D:9      | Reached ***** piety under Okawaru
  9946 | D:9      | Reached XP level 11. HP: 64/64 MP: 11/14
 10982 | D:10     | Killed a two-headed ogre
 11421 | D:11     | Reached skill level 5 in Shields
 11559 | Lair:1   | Entered Level 1 of the Lair of Beasts
 11597 | Lair:1   | Received a gift from Okawaru
 11795 | Lair:1   | Reached skill level 13 in Maces & Flails
 12649 | Lair:2   | Got a crystal flail
 12657 | Lair:2   | Noticed Gastronok
 12682 | Lair:2   | Banished Gastronok
 12682 | Lair:2   | Reached XP level 12. HP: 42/70 MP: 9/15
 12705 | Lair:2   | Found a frozen archway.
 12716 | Lair:2   | Reached skill level 14 in Maces & Flails
 12739 | Lair:2   | Received a gift from Okawaru
 12740 | Lair:2   | Got a steaming buckler {god gift}
 12751 | Lair:2   | Identified the +0 buckler of Past Mistakes {Harm rElec
                  | Str-3 Int+4} (Okawaru gifted it to you on level 2 of the
                  | Lair of Beasts)
 12769 | IceCv    | Entered an ice cave
 12793 | IceCv    | Found a transporter.
 13017 | IceCv    | Identified the cursed +2 flail of Joen {vorpal, SInv} (You
                  | found it on level 2 of the Lair of Beasts)
 13025 | IceCv    | Found a transporter.
 13034 | IceCv    | HP: 3/70 [white ugly thing (6)]
 13034 | IceCv    | Mangled by a white ugly thing

Illustrated notes

Levels and vault maps discovered:
D:1:      wander_arrival_peaceful_grave, layout_loops_ring, serial_forest,
          infiniplex_forest_straight_2, infiniplex_forest_clump_small,
          infiniplex_forest_end_2, infiniplex_forest_straight_2,
          infiniplex_forest_pool, infiniplex_forest_end_1,
          infiniplex_forest_diagonal, infiniplex_forest_side_room,
          infiniplex_forest_clump_small, minmay_tripent
D:2:      layout_basic, minitemple, first_ration, minmay_domino_2, uniq_robin
D:3:      layout_loops_ring, minmay_misc_feat_room
D:4:      layout_cave_pools, lemuel_blue_sif_altar, serial_shops,
          kennysheep_little_box, ebering_ghost_gozag, uniq_duvessa
D:5:      layout_basic, minmay_temple_entry_ruins, minmay_holes, st_stairs_11,
          uniq_eustachio
D:6:      layout_rooms, hangedman_decor_riveting, minmay_ogre_servants
D:7:      layout_loops_ring, basic_altar
D:8:      layout_loops_ring, grunt_temple_overflow_order_and_chaos_1,
          kennysheep_mini_moat, chequers_temple_overflow_statue_of_worship,
          minmay_between
D:9:      layout_layer_cave, due_lair_maze_entry_diamond,
          hangedman_pestilent_swarm, corexii_leaking_fountain, uniq_erica
D:10:     layout_loops_cross, nrook_pool_corridor
D:11:     layout_long_grid
Temple:   eino_wide_crystal_templ
Lair:1:   layout_long_grid
Lair:2:   layout_chaotic_city, skrybe_swamp_entry_bodies,
          portal_ice_cave_entry_pillars_1, uniq_gastronok
IceCv:    ice_cave_statue_garden_transporter

Skill      XL: |  1  2  3  4  5  6  7  8  9 10 11 12 |
---------------+-------------------------------------+-----
Maces & Flails | 4 5 6 7 8 10 12 13 14 | 14.0
Fighting       | 3 5 6 |  6.0
Shields        | 4 7 9 |  9.1
Slings         | 2 5 |  5.8
Armour         | 6 |  6.0
Invocations    | 4 |  4.0
Throwing       | |  1.7
Dodging        | |  2.4

Action                   |  1- 3 |  4- 6 |  7- 9 | 10-12 || total
-------------------------+-------+-------+-------+-------++-------
Melee: Flail             |    74 |       |       |       ||    74
       Mace              |    65 |    44 |       |   129 ||   238
       Whip              |       |   205 |   426 |   416 ||  1047
 Fire: Hunting sling     |       |       |     3 |       ||     3
Throw: Boomerang         |       |     1 |       |       ||     1
Invok: Heroism           |       |       |     3 |     4 ||     7
       Finesse           |       |       |       |     3 ||     3
Evoke: Wand              |       |       |       |     1 ||     1
  Use: Scroll            |     2 |     5 |     9 |     6 ||    22
       Potion            |       |     6 |     2 |     1 ||     9
  Eat: Chunk             |     3 |     5 |    13 |    13 ||    34
       Ration            |       |     1 |       |     1 ||     2
Armor: Leather armour    |    12 |       |       |       ||    12
       Ring mail         |    70 |    36 |       |       ||   106
       Chain mail        |       |    82 |    66 |       ||   148
       Plate armour      |       |       |    49 |   177 ||   226
Dodge: Dodged            |    77 |   111 |   150 |   119 ||   457
Block: Buckler           |       |       |    20 |    61 ||    81
